 Dungeon Crawl Stone Soup version 0.21-a0-521-g1cd18d1 (webtiles) character file.

41 slep the Chopper (level 3, 0/33 HPs)
             Began as a Minotaur Monk on Dec 6, 2017.
             Succumbed to a kobold's poison
             ... on level 2 of the Dungeon.
             The game lasted 00:03:30 (991 turns).

slep the Chopper (Minotaur Monk)                     Turns: 991, Time: 00:03:31

Health: 0/33       AC:  6    Str: 15    XL:     3   Next: 32%
Magic:  2/2        EV: 12    Int:  7    God:
Gold:   107        SH:  0    Dex: 13    Spells: 2/2 levels left

rFire    . . .     SeeInvis .   a - +0 hand axe
rCold    . . .     Gourm    .   (no shield)
rNeg     . . .     Faith    .   i - +0 ring mail
rPois    .         Spirit   .   e - +1 hat
rElec    .         Reflect  .   (no cloak)
rCorr    .         Harm     .   (no gloves)
MR       .....                  (no boots)
Stlth    +.........             (no amulet)
HPRegen  0.11/turn              (no ring)
MPRegen  0.08/turn              (no ring)

@: lethally poisoned (0 -> -30)
A: retaliatory headbutt, horns 2
a: no special abilities


You were on level 2 of the Dungeon.
You were not hungry.

You visited 1 branch of the dungeon, and saw 2 of its levels.

You collected 107 gold pieces.

Inventory:

Hand Weapons
 a - a +0 hand axe (weapon)
 m - a cursed -1 spear
Missiles
 j - 3 silver tomahawks (quivered)
Armour
 b - a +0 robe
 e - a +1 hat (worn)
 i - a +0 ring mail (worn)
Scrolls
 d - a scroll of identify {unknown}
 f - a scroll of fog {unknown}
 g - 2 scrolls of magic mapping {unknown}
 n - a scroll of teleportation {unknown}
 o - a scroll of enchant armour {unknown}
Potions
 k - a potion of cancellation {unknown}
 l - a potion of heal wounds {unknown}
 q - a potion of ambrosia {unknown}
Comestibles
 c - a bread ration
 h - a royal jelly
 p - 3 fruits


   Skills:
 + Level 4.1 Fighting
 + Level 4.3 Axes
 + Level 0.4 Armour
 + Level 3.7 Dodging
 + Level 1.8 Stealth


You had 2 spell levels left.
You didn't know any spells.

Dungeon Overview and Level Annotations

Branches:
Dungeon (2/15)

Altars:


Innate Abilities, Weirdness & Mutations

You reflexively headbutt those who attack you in melee.
You have a pair of horns on your head.


Message History

The kobold hits you with a dagger of venom.
You are poisoned.
You hit the kobold but do no damage.
You feel sick.
The kobold hits you with a dagger of venom.
* * * LOW HITPOINT WARNING * * *
You are lethally poisoned!
The kobold hits you but does no damage.
You are more poisoned.
Your ring mail prevents you from hitting the kobold.
* * * LOW HITPOINT WARNING * * *
You feel sick. The kobold closely misses you.
You barely miss the kobold.
* * * LOW HITPOINT WARNING * * *
You feel sick. The kobold hits you but does no damage.
You are more poisoned.
You hit the kobold. You headbutt the kobold.
You kill the kobold!
* * * LOW HITPOINT WARNING * * *
You feel very sick.
You die...

##### ##########...#
#....#.......#
.....#.##....#####
..#..#.#.........#
.......#.....###.#
..#..........# #.#
#......[...# #.###
##.....##### #@..#
#...#..# ###.# .
#.###.####### #.#
#.#.##......... #.#
.......).## #.# #.#
##........# #.# #.###
#.....)..####.# #.#.#
..............>###.#.#
##........##.........###


There were no monsters in sight!

Vanquished Creatures
  2 worms (D:2)
  A dart slug (D:1)
  2 leopard geckos
  2 giant cockroaches
  2 goblins (D:1)
  3 hobgoblins
  A jackal (D:1)
  A ball python (D:1)
  5 bats
  A frilled lizard (D:1)
  7 kobolds
  4 rats
31 creatures vanquished.

Notes
Turn   | Place    | Note
-------+----------+-------------------------------------------
     0 | D:1      | slep the Minotaur Monk began the quest for the Orb.
     0 | D:1      | Reached XP level 1. HP: 19/19 MP: 0/0
   239 | D:1      | Reached XP level 2. HP: 16/27 MP: 1/1
   925 | D:2      | Reached XP level 3. HP: 21/33 MP: 2/2
   991 | D:2      | Succumbed to a kobold's poison

Vault maps used:
D:1:      sevenhm_arrival_forest_fort_small_4, minmay_cut_off
D:2:      first_bread, minmay_pentomino_r2

Skill      XL: |  1  2 |
---------------+-------+-----
Axes           | 4 |  4.3
Fighting       | 4 |  4.1
Armour         | |  0.4
Dodging        | |  3.7
Stealth        | |  1.8

Action                   || total
-------------------------++-------
Melee: Hand axe          ||    69
       Headbutt          ||    11
Armor: Ring mail         ||    31
       Robe              ||     1
Dodge: Dodged            ||    53

Table legend:
 A = Spawn XP
 B = Non-spawn XP
 C = Spawn XP percentage of total XP
 D = Spawn monster count
 E = Non-spawn monster count
 F = Spawn count percentage of total count
 G = Total turns spent on level
                    A         B        C        D         E        F      G
               +---------+---------+-------+---------+---------+-------+---------
         Total |       0 |      59 |   0.0 |       0 |      31 |   0.0 |   991
               +---------+---------+-------+---------+---------+-------+---------
           D:1 |       0 |      33 |   0.0 |       0 |      20 |   0.0 |   852
           D:2 |       0 |      26 |   0.0 |       0 |      11 |   0.0 |   139
               +---------+---------+-------+---------+---------+-------+---------
